 Dungeon Crawl Stone Soup version 0.25.1-2-g60ff931df9 (webtiles) character file.

Game seed: 11137594549952820056

6330 Zukotu the Grappler (level 10, -10/92 HPs)
             Began as a Troll Berserker on Aug 25, 2020.
             Was a High Priest of Trog.
             Mangled by a yak (16 damage)
             ... on level 1 of the Lair of Beasts.
             The game lasted 00:35:11 (5916 turns).

Zukotu the Grappler (Troll Berserker)               Turns: 5916, Time: 00:35:11

Health: -10/92     AC: 10    Str: 29    XL:     10   Next: 64%
Magic:  9/9        EV: 17    Int:  3    God:    Trog [*****.]
Gold:   548        SH:  5    Dex: 10    Spells: 9/9 levels left

rFire    . . .     SeeInvis .     - Unarmed
rCold    + . .     Gourm    +   (no shield)
rNeg     + . .     Faith    .   r - +2 robe "Ipevui Gori" {rC+}
rPois    .         Spirit   .   (helmet restricted)
rElec    .         Reflect  +   u - +1 cloak
rCorr    .         Harm     .   (gloves unavailable)
MR       .....                  (boots unavailable)
Stlth    +.........             B - amulet of reflection
HPRegen  0.65/turn              g - +4 ring of evasion
MPRegen  0.11/turn              k - ring of positive energy

@: about to teleport
A: large, unfitting armour, claws 3, fast metabolism 3, gourmand, regeneration
1, shaggy fur 1, tough skin 3
a: Berserk, Trog's Hand, Brothers in Arms, Renounce Religion


You were on level 1 of the Lair of Beasts.
You worshipped Trog.
Trog was extremely pleased with you.
You were very full.

You visited 2 branches of the dungeon, and saw 9 of its levels.

You collected 548 gold pieces.

Inventory:

Armour
 a - a +0 animal skin
 i - a +0 animal skin
 r - the +2 robe "Ipevui Gori" (worn) {rC+}
   (You found it on level 4 of the Dungeon)

   It protects you from cold.
 u - a +1 cloak (worn)
Jewellery
 g - a +4 ring of evasion (left claw)
 k - a ring of positive energy (right claw)
 l - an uncursed ring of ice
 q - an uncursed ring of stealth
 B - an amulet of reflection (around neck)
Wands
 t - a wand of paralysis (7)
 A - a wand of flame (14)
Scrolls
 e - a scroll of remove curse
 j - a scroll of enchant weapon
 m - a scroll of identify
 p - 2 scrolls of enchant armour
 v - a scroll of magic mapping
 x - 2 scrolls of teleportation
Potions
 c - 2 potions of stabbing
 d - 4 potions of brilliance
 f - 4 potions of curing
 h - 2 potions of haste {unknown}
 n - 2 potions of magic {unknown}
 s - a potion of heal wounds {unknown}
 z - a potion of berserk rage {unknown}
Comestibles
 b - 12 rations


   Skills:
 + Level 3.9 Fighting
 + Level 7.7 Dodging
 - Level 0.3 Stealth
 + Level 13.0 Unarmed Combat


You had 9 spell levels left.
You didn't know any spells.
Your spell library contained the following spells:

 Spells                   Type           Power        Failure   Level  Hunger
 Beastly Appendage        Tmut           #.....       52%         1    ##.....
 Sticks to Snakes         Tmut           #.......     67%         2    ###....
 Spider Form              Tmut/Pois      #.........   88%         3    ####...
 Ice Form                 Ice/Tmut       #.......     99%         4    #####..
 Blade Hands              Tmut           #.........   100%        5    ######.


Dungeon Overview and Level Annotations

Branches:
Dungeon (8/15)             Temple (0/1) D:5            Lair (1/6) D:8

Altars:
Dithmenos
Kikubaaqudgha
Okawaru
Ru

Shops:
D:4 [


Innate Abilities, Weirdness & Mutations

You are too large for most types of armour.
You have claws for hands.
Your metabolism is lightning-fast.
You like to eat raw meat.
Your natural rate of healing is unusually fast.
You are covered in fur. (AC +1)
You have extremely tough skin. (AC +3)


Message History

The yak barely misses you.
You scratch the yak.
The yak is lightly wounded.
The spiny frog closely misses you. The yak barely misses you.
You claw the yak!
The yak is moderately wounded.
The yak gores you! The spiny frog closely misses you. The yak gores you!
You scratch the yak.
The yak is moderately wounded.
You block the yak's attack. The spiny frog stings you!!
You claw the yak! x2
You kill the yak!
Trog accepts your kill. The yak closely misses you.
You block the spiny frog's attack. The yak barely misses you.
The spiny frog stings you!!
* * * LOW HITPOINT WARNING * * *
You see here a yak corpse.
As you read the scroll of teleportation, it crumbles to dust.
You feel strangely unstable. The yak gores you!
You die...

####♣.#......# ..#.##+###.
.#........ ...#.......
..#.......# ....^.....#..
+.......# ..... ..#.....#
..######## ......#...♣.#.#
...........
......#.#.....#............
...........#.#.Y................
...........##.†@..# ..........
............##.F..#.. ..........
....................... ..######
...................... ##.###.#
P......###.###.#.....##......'
#...####.#####....##.....#P
#...........##....##.....##
#...##......##...........++
#....#......##....####'####


You could see a yak and a spiny frog.

Vanquished Creatures
  Pikel (D:8)
  A black mamba (Lair:1)
  A spiny frog (Lair:1)
  2 komodo dragons
  3 hippogriffs
  3 yaks (Lair:1)
  Menkaure (D:6)
  Duvessa (D:6)
  2 orc warriors
  2 slaves (D:8)
  3 porcupines (Lair:1)
  2 sky beasts
  3 black bears
  6 centaurs
  4 crocodiles (Lair:1)
  5 bullfrogs
  Dowan (D:6)
  4 killer bees (D:7)
  2 scorpions
  4 wights (D:6)
  3 howler monkeys (D:7)
  A centaur skeleton (D:7)
  2 hounds
  6 orc priests
  A bullfrog skeleton (D:8)
  An iguana (D:7)
  9 orc wizards
  5 worker ants
  A hound zombie (D:7)
  A hound skeleton (D:6)
  Robin (D:2)
  4 gnolls (D:5)
  A howler monkey skeleton (D:7)
  9 adders
  A shadow imp (D:8)
  2 adder zombies (D:8)
  2 worms
  2 dart slugs (D:2)
  5 leopard geckos
  24 orcs
  3 bats
  4 giant cockroaches
  12 hobgoblins
  5 jackals
  4 kobolds
  A quokka (D:7)
  4 frilled lizards
  12 goblins
  2 quokka skeletons
  A quokka zombie (D:5)
  2 rats (D:2)
  A plant (D:8)
183 creatures vanquished.

Vanquished Creatures (others)
  A human (D:2)
1 creature vanquished.

Grand Total: 184 creatures vanquished

Notes
Turn   | Place    | Note
-------+----------+-------------------------------------------
     0 | D:1      | Zukotu the Troll Berserker began the quest for the Orb.
     0 | D:1      | Reached XP level 1. HP: 22/22 MP: 0/0
   119 | D:1      | Reached XP level 2. HP: 29/29 MP: 1/1
   749 | D:2      | Found an ancient bone altar of Kikubaaqudgha.
   750 | D:2      | Noticed a human
   755 | D:2      | Killed a human
   969 | D:2      | Reached XP level 3. HP: 32/36 MP: 2/2
  1052 | D:2      | Reached ** piety under Trog
  1313 | D:2      | Noticed Robin
  1349 | D:2      | Reached XP level 4. HP: 17/44 MP: 3/3
  1358 | D:2      | Killed Robin
  1358 | D:2      | Reached skill level 4 in Unarmed Combat
  2007 | D:3      | You fall into a shaft and drop 2 floors!
  2007 | D:5      | Entered Level 5 of the Dungeon
  2008 | D:5      | Noticed a bullfrog
  2014 | D:5      | Killed a bullfrog
  2014 | D:5      | Reached XP level 5. HP: 46/53 MP: 4/4
  2032 | D:5      | Found a staircase to the Ecumenical Temple.
  2078 | D:5      | Reached skill level 5 in Unarmed Combat
  2146 | D:5      | Reached *** piety under Trog
  2146 | D:5      | Reached XP level 6. HP: 43/61 MP: 5/5
  2244 | D:4      | Found a shadowy altar of Dithmenos.
  2344 | D:4      | Found a sacrificial altar of Ru.
  2364 | D:4      | Found Qot Vit's Armour Shop.
  2454 | D:4      | Got a slimy robe
  2572 | D:4      | Identified the +2 robe "Ipevui Gori" {rC+} (You found it on
                  | level 4 of the Dungeon)
  2901 | D:5      | Noticed a sky beast
  2908 | D:5      | Killed a sky beast
  3019 | D:5      | Reached skill level 6 in Unarmed Combat
  3061 | D:5      | Reached XP level 7. HP: 67/67 MP: 6/6
  3537 | D:6      | Noticed Dowan
  3539 | D:6      | Noticed Duvessa
  3564 | D:6      | Killed Duvessa
  3576 | D:6      | Killed Dowan
  3576 | D:6      | Reached skill level 7 in Unarmed Combat
  3722 | D:6      | Reached skill level 5 in Dodging
  3722 | D:6      | Reached XP level 8. HP: 72/75 MP: 7/7
  3761 | D:6      | Reached skill level 8 in Unarmed Combat
  4003 | D:6      | Reached **** piety under Trog
  4015 | D:6      | Reached skill level 9 in Unarmed Combat
  4045 | D:6      | Found an iron altar of Okawaru.
  4079 | D:6      | Noticed Menkaure
  4083 | D:6      | Killed Menkaure
  4504 | D:7      | Reached XP level 9. HP: 53/83 MP: 8/8
  4640 | D:7      | Reached skill level 10 in Unarmed Combat
  5044 | D:7      | Reached skill level 11 in Unarmed Combat
  5341 | D:8      | Reached ***** piety under Trog
  5372 | D:8      | Noticed Pikel
  5386 | D:8      | Killed Pikel
  5386 | D:8      | Reached XP level 10. HP: 48/92 MP: 9/9
  5493 | D:8      | Found a staircase to the Lair.
  5514 | Lair:1   | Entered Level 1 of the Lair of Beasts
  5514 | Lair:1   | Noticed a spiny frog
  5520 | Lair:1   | Killed a spiny frog
  5520 | Lair:1   | Reached skill level 12 in Unarmed Combat
  5549 | Lair:1   | Noticed a black mamba
  5553 | Lair:1   | Killed a black mamba
  5895 | Lair:1   | Noticed a spiny frog
  5908 | Lair:1   | Reached skill level 13 in Unarmed Combat
  5916 | Lair:1   | Mangled by a yak

Illustrated notes

Levels and vault maps discovered:
D:1:      minmay_arrival_semitransparent, layout_basic, minmay_tromino_v4_c
D:2:      layout_basic, tgw_kikubaaqudgha, uniq_robin
D:3:      layout_basic, first_ration, uniq_terence, uniq_sigmund
D:4:      layout_loops_cross, nicolae_ru_sacrificial_ziggurat,
          grunt_dithmenos_smoke, serial_shops, nicolae_shop_statue_plus,
          kennysheep_generic_room_10
D:5:      layout_loops_ring, minmay_temple_entry_grid
D:6:      layout_basic, okawaru_metal_pillars_3, grunt_decor_cap, uniq_duvessa,
          uniq_menkaure
D:7:      layout_loops_ring
D:8:      layout_rooms, nicolae_overflow_hidden_temple, david_lair_shrubbed,
          basic_altar, hangedman_little_slice_of_home, uniq_joseph,
          uniq_prince_ribbit1, uniq_pikel, uniq_psyche
Lair:1:   layout_regular_city, grunt_megastairs_1

Skill      XL: |  1  2  3  4  5  6  7  8  9 10 |
---------------+-------------------------------+-----
Dodging        | 3 4 5 7 |  7.7
Unarmed Combat | 4 5 6 7 9 11 13 | 13.0
Fighting       | 3 |  3.9
Stealth        | |  0.3

Action                   |  1- 3 |  4- 6 |  7- 9 | 10-12 || total
-------------------------+-------+-------+-------+-------++-------
Melee: Unarmed           |    87 |   174 |   244 |    56 ||   561
       Punch             |       |     1 |    13 |     6 ||    20
  Use: Scroll            |       |     8 |     7 |     1 ||    16
 Stab: Sleeping          |       |       |     2 |       ||     2
  Eat: Chunk             |    17 |    17 |    21 |     4 ||    59
Armor: Animal skin       |    67 |    46 |       |       ||   113
       Robe              |       |    12 |    70 |    13 ||    95
Dodge: Dodged            |   112 |   123 |   182 |    36 ||   453
Block: Other             |       |       |    17 |    12 ||    29
